 Dungeon Crawl Stone Soup version 0.24.0-13-gcf9b3192b9 (webtiles) character file.

Game seed: 4732669412865007953, levelgen mode: deterministic

7389 inmateoo the Martial Artist (level 11, -19/89 HPs)
             Began as a Human Monk on Nov 6, 2019.
             Was a Priest of Cheibriados.
             Demolished by a two-headed ogre
             ... wielding a cursed +0 giant spiked club
              (20 damage)
             ... on level 10 of the Dungeon.
             The game lasted 00:12:13 (12407 turns).

inmateoo the Martial Artist (Human Monk)           Turns: 12407, Time: 00:12:13

Health: -19/89     AC: 11    Str: 22    XL:     11   Next: 36%
Magic:  14/14      EV: 14    Int: 17    God:    Cheibriados [***...]
Gold:   296        SH:  0    Dex: 23    Spells: 10/10 levels left

rFire    . . .     SeeInvis .     - Unarmed
rCold    . . .     Gourm    .   (no shield)
rNeg     . . .     Faith    .   n - +0 scale mail
rPois    .         Spirit   .   (no helmet)
rElec    .         Reflect  .   j - +0 cloak
rCorr    +         Harm     .   x - +0 pair of gloves
MR       .....                  g - +0 pair of boots
Stlth    +.........             (no amulet)
HPRegen  0.24/turn              k - ring of resist corrosion
MPRegen  0.14/turn              (no ring)

@: very slow
A: no striking features
a: Bend Time, Temporal Distortion, Renounce Religion


You were on level 10 of the Dungeon.
You worshipped Cheibriados.
Cheibriados was most pleased with you.
You were not hungry.

You visited 2 branches of the dungeon, and saw 11 of its levels.

You collected 416 gold pieces.
You spent 120 gold pieces at shops.

Inventory:

Missiles
 m - 13 boomerangs (quivered)
 u - 4 silver boomerangs
Armour
 g - a +0 pair of boots (worn)
 j - a +0 cloak (worn)
 n - a +0 scale mail (worn)
 x - a +0 pair of gloves (worn)
Jewellery
 k - a ring of resist corrosion (left hand)
Wands
 o - a wand of acid (10)
 p - a wand of enslavement (11)
 q - a wand of polymorph (23)
 B - a wand of digging (7)
Scrolls
 a - a scroll of teleportation
 f - 4 scrolls of fog {unknown}
 h - 2 scrolls of amnesia {unknown}
 l - 3 scrolls of remove curse {unknown}
 t - a scroll of noise {unknown}
 y - a scroll of fear {unknown}
 A - 2 scrolls of enchant weapon {unknown}
Potions
 c - a potion of cancellation
 d - 3 potions of heal wounds
 e - 3 potions of brilliance
 i - 2 potions of resistance
 r - a potion of magic {unknown}
 s - a potion of flight
 v - 2 potions of might
 w - 2 potions of mutation
 z - a potion of curing
Comestibles
 b - 14 rations


   Skills:
 + Level 9.0 Fighting
 - Level 5.0 Armour
 + Level 4.9 Dodging
 - Level 2.0 Stealth
 + Level 12.5 Unarmed Combat
 + Level 4.0 Invocations


You had 10 spell levels left.
You didn't know any spells.
Your spell library contained the following spells:

 Spells                   Type           Power        Failure   Level  Hunger
 Confusing Touch          Hex            #.....       50%         1    ##.....
 Flame Tongue             Conj/Fire      #....        50%         1    ##.....
 Throw Flame              Conj/Fire      #.....       65%         2    ###....
 Confuse                  Hex            #.......     86%         3    ####...
 Conjure Flame            Conj/Fire      #.......     86%         3    ####...
 Gell's Gravitas          Tloc           #.........   86%         3    ####...
 Inner Flame              Hex/Fire       #.......     86%         3    ####...
 Petrify                  Tmut/Erth      #.......     99%         4    #####..
 Sticky Flame             Conj/Fire      #.......     99%         4    #####..
 Fireball                 Conj/Fire      #.........   100%        5    ######.
 Metabolic Englaciation   Hex/Ice        #.........   100%        5    ######.
 Yara's Violent Unravell  Hex/Tmut       #.........   100%        5    ######.


Dungeon Overview and Level Annotations

Branches:
Dungeon (10/15)            Temple (1/1) D:7
   Lair: D:8-11         Orc: D:9-12

Altars:
Ashenzari
Cheibriados
Dithmenos
Elyvilon
Gozag
Kikubaaqudgha
Makhleb
Nemelex Xobeh
Okawaru
Qazlal
Ru
Sif Muna
Trog
Uskayaw
Vehumet
Wu Jian
Xom
Yredelemnul
Zin
The Shining One

Shops:
D:6 *   D:7 [

Annotations:
D:2 2 transporters
D:3 Grinder
D:8 3 runed translucent doors, zhorgal's ghost, novice GnSk


Message History

The two-headed ogre hits you with a cursed +0 giant spiked club!
* * * LOW HITPOINT WARNING * * *
The two-headed ogre hits you with a +0 giant club.
* * * LOW HITPOINT WARNING * * *
Unknown command.
Evoke which item? (* to show all) (? for menu, Esc to quit)
Aiming: Corrosive Bolt
Press: ? - help, Shift-Dir - straight line, f/p - two-headed ogre
Aim: a two-headed ogre, wielding a +0 giant spiked club and a +0 giant club (heavily wounded, covered in acid)
The bolt of acid hits the two-headed ogre!
The two-headed ogre is splashed with acid.
The two-headed ogre seems to be corroded for longer.
The two-headed ogre is almost dead.
The bolt of acid hits the necromancer!
The necromancer is splashed with acid.
The necromancer seems to be corroded for longer.
The necromancer is almost dead.
The necromancer casts a spell.
The necromancer binds the souls of nearby monsters.
The two-headed ogre hits you with a cursed +0 giant spiked club!!
You die...

####.#.# #......# #
#....#.# ####.#
######'####.# .....#
...#....###.# .P⌠P.#.
...'....'...######Z......
##.#....###.....pFZ....#
...............#O#####...
...###########.#@#
##############.#.#
..)..............#
######....####.### #....#
#.# #########.#
#.........#.#
#.#########.# # #.# .#.#


You could see a two-headed ogre, a necromancer, a bullfrog and a river rat
simulacrum.

Vanquished Creatures
  Snorg (D:10)
  Joseph (D:7)
  Psyche (D:10)
  A gargoyle (D:10)
  A komodo dragon (D:10)
  A troll (D:8)
  A hippogriff (D:8)
  A harpy skeleton (D:10)
  A wyvern (D:9)
  A spriggan (D:7)
  A hungry ghost (D:8)
  Menkaure (D:7)
  2 sky beasts
  2 orc warriors (D:9)
  2 phantoms
  3 ice beasts
  A wolf (D:7)
  7 ogres
  2 centaurs
  2 big kobolds
  5 bullfrogs
  A water moccasin zombie (D:5)
  7 scorpions
  6 killer bees (D:9)
  3 howler monkeys
  An electric eel (D:10)
  A crimson imp (D:6)
  A centaur zombie (D:9)
  9 hounds
  2 jellies
  5 orc priests
  5 bullfrog skeletons
  Crazy Yiuf (D:7)
  A centaur skeleton (D:6)
  6 orc wizards
  Ijyb (D:4)
  3 iguanas
  Natasha (thrice) (D:4)
  3 worker ants
  A hound zombie (D:5)
  2 worker ant zombies (D:6)
  A howler monkey skeleton (D:5)
  12 adders
  5 shadow imps
  2 adder skeletons
  3 worms
  4 dart slugs
  5 leopard geckos
  33 orcs
  A ball python (D:5)
  5 bats
  10 giant cockroaches
  8 goblins
  8 hobgoblins
  11 jackals
  6 quokkas
  8 frilled lizards
  16 kobolds
  2 leopard gecko zombies
  8 rats
248 creatures vanquished.

Vanquished Creatures (others)
  A quokka (D:2)
  A bush (D:7)
2 creatures vanquished.

Grand Total: 250 creatures vanquished

Notes
Turn   | Place    | Note
-------+----------+-------------------------------------------
     0 | D:1      | inmateoo the Human Monk began the quest for the Orb.
     0 | D:1      | Reached XP level 1. HP: 18/18 MP: 1/1
    53 | D:1      | Reached XP level 2. HP: 6/24 MP: 2/2
   547 | D:1      | Reached skill level 4 in Unarmed Combat
   547 | D:1      | Reached XP level 3. HP: 29/29 MP: 3/3
   888 | D:2      | Found a transporter.
   898 | D:2      | Found a transporter.
  1033 | D:2      | Found a white marble altar of Elyvilon.
  1057 | D:2      | Reached XP level 4. HP: 5/35 MP: 4/4
  1592 | D:2      | Found a white marble altar of Elyvilon.
  1604 | D:2      | Found an opulent altar of Gozag.
  1763 | D:3      | Reached skill level 5 in Unarmed Combat
  1834 | D:3      | Noticed Grinder
  1846 | D:3      | Paralysed by Grinder for 7 turns
  2055 | D:3      | Paralysed by Grinder for 7 turns
  2615 | D:3      | Reached XP level 5. HP: 41/41 MP: 5/5
  2968 | D:4      | Reached skill level 6 in Unarmed Combat
  2975 | D:4      | Reached XP level 6. HP: 44/47 MP: 6/6
  3047 | D:4      | Noticed Ijyb
  3076 | D:4      | Killed Ijyb
  3087 | D:4      | Reached skill level 7 in Unarmed Combat
  3284 | D:4      | Noticed Natasha
  3296 | D:4      | Killed Natasha
  3296 | D:4      | Reached XP level 7. HP: 38/52 MP: 7/7
  3618 | D:5      | Entered Level 5 of the Dungeon
  3650 | D:4      | Noticed Natasha
  3658 | D:4      | Killed Natasha
  3875 | D:4      | Noticed Natasha
  3884 | D:4      | Killed Natasha
  3930 | D:5      | Reached skill level 8 in Unarmed Combat
  4307 | D:5      | Reached XP level 8. HP: 29/58 MP: 8/8
  4498 | D:5      | Found a hide-covered altar of Uskayaw.
  4613 | D:5      | Reached skill level 9 in Unarmed Combat
  5385 | D:6      | Found an iron altar of Okawaru.
  5400 | D:6      | Reached skill level 10 in Unarmed Combat
  5915 | D:6      | Reached XP level 9. HP: 63/63 MP: 9/9
  5998 | D:6      | Reached skill level 11 in Unarmed Combat
  6169 | D:6      | Found Ihoic's General Store.
  6360 | D:6      | Bought a scroll of teleportation for 45 gold pieces
  6360 | D:6      | Bought a scroll of identify for 30 gold pieces
  6360 | D:6      | Bought a potion of curing for 45 gold pieces
  6692 | D:7      | Found Tacziw's Antique Armour Shoppe.
  7258 | D:7      | Reached skill level 12 in Unarmed Combat
  7292 | D:7      | Found a runed translucent door.
  7293 | D:7      | Noticed Crazy Yiuf
  7301 | D:7      | Killed Crazy Yiuf
  7301 | D:7      | Reached skill level 5 in Fighting
  7336 | D:7      | Noticed Joseph
  7369 | D:7      | Killed Joseph
  7369 | D:7      | Reached XP level 10. HP: 60/77 MP: 10/10
  7704 | D:7      | Noticed Menkaure
  7719 | D:7      | Killed Menkaure
  7771 | D:7      | Found a staircase to the Ecumenical Temple.
  8049 | D:8      | Found a runed translucent gate.
  8049 | D:8      | Noticed zhorgal's ghost (novice GnSk)
  8050 | D:8      | Found a runed translucent gate.
  8051 | D:8      | Found a runed translucent gate.
  8205 | D:8      | Reached skill level 1 in Armour
  8234 | D:8      | Found a shimmering blue altar of Sif Muna.
  8291 | D:8      | Found a sacrificial altar of Ru.
  9316 | Temple   | Entered the Ecumenical Temple
  9332 | Temple   | Became a worshipper of Cheibriados the Contemplative
  9332 | Temple   | Reached * piety under Cheibriados
  9332 | Temple   | Reached ** piety under Cheibriados
  9474 | D:9      | Found a radiant altar of Vehumet.
  9504 | D:9      | Reached skill level 5 in Armour
 10320 | D:9      | Reached skill level 1 in Invocations
 11459 | D:10     | Entered Level 10 of the Dungeon
 11500 | D:10     | Noticed a komodo dragon
 11506 | D:10     | Killed a komodo dragon
 11506 | D:10     | Reached XP level 11. HP: 27/87 MP: 12/12
 11795 | D:10     | Noticed Snorg
 11803 | D:10     | Killed Snorg
 11804 | D:10     | Reached *** piety under Cheibriados
 12115 | D:10     | Noticed Psyche
 12124 | D:10     | Killed Psyche
 12394 | D:10     | Noticed a two-headed ogre
 12401 | D:10     | Noticed a necromancer
 12406 | D:10     | HP: 2/89 [two-headed ogre/cursed +0 giant spiked club (16)]
 12407 | D:10     | Demolished by a two-headed ogre

Levels and vault maps discovered:
D:1:      eino_arrival_water_star, layout_basic
D:2:      layout_rooms, gammafunk_temple_overflow_arena, lemuel_doored_altar,
          elyvilon_altar_4
D:3:      layout_rooms, uniq_grinder
D:4:      layout_rooms, first_ration, uniq_ijyb, uniq_natasha
D:5:      layout_basic, eat_drink_and_be_merry_uskayaw
D:6:      layout_gridville, okawaru_gym_becter, serial_shops, shop
D:7:      layout_basic, minmay_temple_entry_from_below_b, serial_shops, shop,
          kb_lookout_dungeons_type, the_bakery, minmay_misc_feat_tower,
          kennysheep_small_circle, uniq_menkaure, uniq_joseph,
          uniq_crazy_yiuf_cottage
D:8:      layout_gridville, lemuel_blue_sif_altar, gammafunk_ghost_split,
          basic_altar
D:9:      layout_cave_pods, vehumet_crystals
D:10:     layout_basic, eino_house_with_fridge, uniq_psyche, uniq_urug,
          uniq_snorg
Temple:   nicolae_temple_x_marks_the_god

Skill      XL: |  1  2  3  4  5  6  7  8  9 10 11 |
---------------+----------------------------------+-----
Unarmed Combat | 4 5 6 7 8 10 12 | 12.5
Fighting       | 6 8 9 |  9.0
Armour         | 5 |  5.0
Invocations    | 2 4 |  4.0
Dodging        | 4 |  4.9
Stealth        | |  2.0

Action                   |  1- 3 |  4- 6 |  7- 9 | 10-12 || total
-------------------------+-------+-------+-------+-------++-------
Melee: Unarmed           |   139 |   233 |   352 |   270 ||   994
       Punch             |     1 |     6 |    17 |     7 ||    31
Evoke: Wand              |       |       |     2 |    20 ||    22
  Use: Scroll            |       |     4 |     2 |     6 ||    12
       Potion            |       |       |     2 |     2 ||     4
 Stab: Sleeping          |     7 |       |       |       ||     7
  Eat: Chunk             |     1 |     7 |     9 |     8 ||    25
       Ration            |       |       |     1 |     2 ||     3
Armor: Robe              |    16 |     5 |       |       ||    21
       Scale mail        |       |    96 |   104 |   129 ||   329
       Skin              |       |       |     7 |       ||     7
Dodge: Dodged            |    76 |   114 |   169 |   166 ||   525
